 Dungeon Crawl Stone Soup version 0.16.1-5-gaa23807 (webtiles) character file.

99 Chiseanne the Insei (level 4, -1/24 HPs)
             Began as a Vine Stalker Monk on Mar 28, 2015.
             Killed from afar by Crazy Yiuf (4 damage)
             ... with a wand of flame
             ... on level 2 of the Dungeon.
             The game lasted 00:04:35 (1438 turns).

Chiseanne the Insei (Vine Stalker Monk)             Turns: 1438, Time: 00:04:35

Health: -1/24      AC:  6    Str: 18    XL:     4   Next: 72%
Magic:  0/5        EV: 12    Int: 10    God:
Gold:   81         SH:  0    Dex: 18    Spells: 0 memorised, 3 levels left

rFire  . . .     SeeInvis .       - Unarmed
rCold  . . .     Clarity  .     j - +0 ring mail
rNeg   . . .     SustAb   .     (no shield)
rPois  .         Gourm    .     k - +0 helmet
rElec  .         Spirit   +     (no cloak)
rCorr  .         Warding  .     (no gloves)
rMut   .         Stasis   .     (no boots)
MR     +....                    (no amulet)
Stlth  ++........               (no ring)
                                f - ring of protection from magic

@: mighty, somewhat resistant to hostile enchantments, unstealthy
A: fangs 2, regeneration 1, magic shield, antimagic bite, no device heal 3, rot
immunity
a: no special abilities


You were on level 2 of the Dungeon.
You were not hungry.

You visited 1 branch of the dungeon, and saw 2 of its levels.

You collected 81 gold pieces.

Inventory:

Armour
 j - a +0 ring mail (worn)
 k - a +0 helmet (worn)
Jewellery
 f - a ring of protection from magic (left hand)
Scrolls
 d - a scroll of fog {unknown}
 g - 2 scrolls of teleportation {unknown}
 h - 3 scrolls of identify {unknown}
 n - 2 scrolls of enchant weapon {unknown}
 o - 2 scrolls of fear {unknown}
Potions
 i - a potion of heal wounds {unknown}
 m - a potion of magic {unknown}
Books
 l - a book of Maledictions

   Spells                             Type                      Level
   a - Corona                         Hexes                        1
   b - Sure Blade                     Hexes/Charms                 2
   c - Ensorcelled Hibernation        Hexes/Ice                    2
   d - Confuse                        Hexes                        3
   e - Dazzling Spray                 Conjuration/Hexes            3
   f - Enslavement                    Hexes                        4
Comestibles
 b - a bread ration


   Skills:
 * Level 3.3 Fighting
 * Level 0.7 Armour
 * Level 3.1 Dodging
 - Level 2.4 Stealth
 * Level 4.8 Unarmed Combat


You had 3 spell levels left.
You didn't know any spells.

Dungeon Overview and Level Annotations

Branches:
Dungeon (2/15)

Altars:

Annotations:
D:2 Crazy Yiuf


Innate Abilities, Weirdness & Mutations

You have extremely sharp teeth.
Your natural rate of healing is unusually fast.
When hurt, damage is shared between your health and your magic reserves.
Your bite disrupts and absorbs the magic of your enemies.
Potions and wands cannot restore your health.
You are immune to rotting.


Message History

Found a hammer.
Unknown command.
Drink which item? (? for menu, Esc to quit)
It was a potion of restore abilities.
You feel refreshed.
Crazy Yiuf flaps his cloak.
Crazy Yiuf zaps a wand.
The puff of flame hits you!
Drink which item? (? for menu, Esc to quit)
It was a potion of might.
You feel very mighty all of a sudden.
Crazy Yiuf zaps a wand.
The puff of flame hits you!
You close the door.
Crazy Yiuf opens the door.
Crazy Yiuf zaps a wand.
The puff of flame hits you!
* * * LOW HITPOINT WARNING * * *
Drink which item? (? for menu, Esc to quit)
It was a potion of curing.
You feel better.
Crazy Yiuf zaps a wand.
The puff of flame hits you!
* * * LOW HITPOINT WARNING * * *
Crazy Yiuf zaps a wand.
The puff of flame hits you!
You die...

..........................
[..........#....##.#######
..).(.....##....##.##
...............####..#
...##...#####.# #..####
##.....## #.####..#..##
#.......###...........##
#...........g.........g#
#......@##.######.#...#.
##.....#...#####..######
##..##..........##
#.####..########### ## #.#
###### #.# #. #†# ##..##
#.# ## #†# #....# #.####
#.# #....# #..... #.#
#....### #.###.


You could see Crazy Yiuf.

Vanquished Creatures
  Robin (D:2)
  2 adders (D:2)
  2 worms (D:2)
  5 giant geckos
  6 bats
  14 goblins
  7 hobgoblins
  3 jackals (D:2)
  2 giant cockroaches
  2 giant newts
  7 kobolds
  3 rats
54 creatures vanquished.

Notes
Turn   | Place    | Note
--------------------------------------------------------------
     0 | D:1      | Chiseanne, the Vine Stalker Monk, began the quest for the Orb.
     0 | D:1      | Reached XP level 1. HP: 11/11 MP: 1/1
   188 | D:1      | Reached XP level 2. HP: 16/16 MP: 3/3
   653 | D:2      | Reached XP level 3. HP: 14/19 MP: 4/4
   703 | D:2      | Noticed Robin
   721 | D:2      | Killed Robin
   721 | D:2      | Reached XP level 4. HP: 13/24 MP: 5/5
  1414 | D:2      | Noticed Crazy Yiuf
  1438 | D:2      | Killed from afar by Crazy Yiuf

Action                   |  1- 3 |  4- 6 || total
-------------------------+-------+-------++-------
Melee: Unarmed           |   121 |    68 ||   189
  Use: Potion            |       |     3 ||     3
 Stab: Sleeping          |     2 |       ||     2
  Eat: Chunk             |       |     2 ||     2
